 Dungeon Crawl Stone Soup version 0.22.1-2-g9c5b331 (webtiles) character file.

1452 Firecrotchwizard the Cleaver (level 8, -4/73 HPs)
             Began as a Hill Orc Fighter on Nov 26, 2018.
             Was an Initiate of Beogh.
             Slain by an orc warrior
             ... wielding a +0 mace
              (15 damage)
             ... on level 7 of the Dungeon.
             The game lasted 00:12:58 (6129 turns).

Firecrotchwizard the Cleaver (Hill Orc Fighter)     Turns: 6129, Time: 00:12:58

Health: -4/73      AC: 14    Str: 21    XL:     8   Next: 75%
Magic:  8/8        EV:  6    Int:  8    God:    Beogh [......]
Gold:   41         SH: 10    Dex: 10    Spells: 7/7 levels left

rFire    . . .     SeeInvis .   a - +0 war axe
rCold    . . .     Gourm    .   c - +0 shield
rNeg     . . .     Faith    .   z - +0 chain mail
rPois    .         Spirit   .   v - +2 helmet
rElec    .         Reflect  .   (no cloak)
rCorr    +         Harm     .   k - +1 pair of gloves
MR       .....                  (no boots)
Stlth    ..........             (no amulet)
HPRegen  0.22/turn              w - ring of flight {+Fly, !d}
MPRegen  0.11/turn              q - ring of resist corrosion

@: slowed, very slow
A: no striking features
a: Renounce Religion, Evoke Flight


You were on level 7 of the Dungeon.
You worshipped Beogh.
Beogh was noncommittal.
You were not hungry.

You visited 1 branch of the dungeon, and saw 7 of its levels.
You also visited: Sewer.

You collected 239 gold pieces.
You spent 198 gold pieces at shops.

Inventory:

Hand Weapons
 a - a +0 war axe (weapon)
Armour
 b - a +0 scale mail
 c - a +0 shield (worn)
 k - a +1 pair of gloves (worn)
   (You found it on level 6 of the Dungeon)
 v - a +2 helmet (worn)
   (You took it off Robin on level 3 of the Dungeon)
 z - a +0 chain mail (worn)
   (You took it off Edmund on level 5 of the Dungeon)
Jewellery
 q - a ring of resist corrosion (right hand)
   (You found it on level 6 of the Dungeon)
 s - an uncursed ring of wizardry {Wiz+, !d}
   (You found it on level 4 of the Dungeon)
 w - a ring of flight (left hand) {+Fly, !d}
   (You took it off an orc on level 6 of the Dungeon)
Wands
 x - a wand of flame (70)
   (You found it on level 3 of the Dungeon)
Scrolls
 g - a scroll of magic mapping {!r}
 h - 9 scrolls of teleportation
 l - a scroll of remove curse
 p - 2 scrolls of identify
 t - a scroll of noise {!r}
Potions
 d - 2 potions of might
 e - a potion of ambrosia {unknown}
 i - a potion of mutation {unknown}
 j - 6 potions of curing
 m - 2 potions of magic
 n - a potion of degeneration {unknown}
 o - a potion of heal wounds {unknown}
 r - a potion of brilliance {unknown}
 A - 2 potions of flight
Comestibles
 f - 12 rations


   Skills:
 + Level 7.2 Fighting
 * Level 10.0 Axes
 - Level 3.2 Armour
 + Level 6.7 Shields


You had 7 spell levels left.
You didn't know any spells.
Your spell library was empty.

Dungeon Overview and Level Annotations

Branches:
Dungeon (7/15)
 Temple: D:4-7

Altars:

Shops:
D:6 ??*%(


Message History

You open the door.
Found Ixko Nyff's Magic Scroll Shoppe.
Health restored: 73
There is an open door here.
There is an entrance to Ixko Nyff's Magic Scroll Shoppe here.
You open the door.
There is an open door here.
Done exploring.
Done exploring.
(D) Dungeon
Where to? (Enter - D:6, ? - help)
There is a stone staircase leading down here.
You climb downwards.
There is a stone staircase leading up here.
Okay, then.
A hound comes into view.
The hound barks!
You hear a shout!
An orc priest comes into view. It is wielding a club.
An orc wizard comes into view. It is wielding a dagger.
Found a stone staircase leading up.
As you read the scroll of identify, it crumbles to dust.
A - 2 potions of flight The orc wizard shouts!
An orc warrior comes into view. It is wielding a mace.
As you read the scroll of identify, it crumbles to dust.
m - 2 potions of magic You hit the hound.
The hound barely misses you.
An orc priest comes into view.
The orc priest invokes the aid of Beogh against you.
Beogh smites you!
The orc priest shouts!
You take 10 damage, and have 63/73 hp.
You slash the hound!
The hound bites you but does no damage. x2
You barely miss the hound. The hound bites you.
The orc wizard casts a spell.
The orc wizard blinks!
You take 3 damage, and have 61/73 hp.
You hit the hound. The hound barely misses you.
The hound completely misses you.
You hit the hound.
You hit the orc wizard but do no damage.
You block the hound's attack.
The orc wizard hits you but does no damage.
The hound bites you.
You take 3 damage, and have 58/73 hp.
You slash the hound!
You kill the hound!
Beogh accepts your kill.
You closely miss the orc wizard. You block the orc wizard's attack.
You hit the orc wizard. You hit the orc priest.
The orc wizard casts a spell at you.
You feel yourself slow down.
You closely miss the orc wizard.
You hit the orc warrior but do no damage.
The orc wizard barely misses you.
The orc priest calls upon Beogh to heal the orc priest.
The orc priest is healed somewhat.
The orc wizard points at you and mumbles some strange words.
The magic dart hits you! The orc warrior hits you with a mace.
You take 4 damage, and have 55/73 hp.
You miss the orc wizard. You hit the orc warrior.
Your shield and chain mail prevent you from hitting the orc priest.
You block the orc wizard's attack. The orc priest barely misses you.
You block the orc warrior's attack.
You hit the orc warrior.
You hit the orc priest but do no damage.
You closely miss the orc wizard.
The orc wizard hits you but does no damage.
You block the orc priest's attack. The orc warrior hits you with a mace.
The orc wizard hits you but does no damage.
The orc priest hits you with a club.
You take 5 damage, and have 51/73 hp.
You closely miss the orc priest. You slash the orc wizard!
You hit the orc warrior. The orc warrior hits you with a mace!
The orc wizard hits you but does no damage.
You block the orc priest's attack.
The orc wizard hits you but does no damage.
The orc warrior hits you with a mace.
You take 13 damage, and have 38/73 hp.
You hit the orc priest. You closely miss the orc wizard.
You barely miss the orc warrior. You block the orc priest's attack.
The orc wizard casts a spell at you. The magic dart hits you!
The orc warrior hits you with a mace!
* * * LOW HITPOINT WARNING * * *
You block the orc priest's attack.
You take 18 damage, and have 20/73 hp.
MASSIVE DAMAGE!!
You barely miss the orc priest. You hit the orc warrior.
Your chain mail prevents you from hitting the orc wizard.
You block the orc wizard's attack. The orc warrior hits you with a mace!
* * * LOW HITPOINT WARNING * * *
The orc priest looks braver for a moment.
The orc wizard hits you with a dagger.
* * * LOW HITPOINT WARNING * * *
You take 9 damage, and have 11/73 hp.
You closely miss the orc priest.
You hit the orc wizard but do no damage.
You slash the orc warrior! The orc warrior hits you with a mace!
You die...
Beogh appreciates the orc warrior's killing of a heretic priest.

#.#####
.......
..?....
.......
.......
#....
#..o#####
#.oo@...#
#..o###.#
#... #<#
#... #.#
#.b. #.#
#... #.#
#..< ..#
##.. ###


You could see an orc warrior, 2 orc priests and an orc wizard.

Vanquished Creatures
  Edmund (D:5)
  A black bear (D:6)
  An ice beast (D:5)
  Purgy (Sewer)
  3 ogres
  A centaur (D:5)
  A bullfrog (D:6)
  2 crimson imps
  A bullfrog zombie (D:5)
  2 hounds
  4 orc wizards
  A jelly (D:5)
  6 worker ants
  Robin (D:3)
  A howler monkey skeleton (D:5)
  7 adders
  3 oozes
  An adder skeleton (D:5)
  3 worms
  4 dart slugs (D:1)
  3 leopard geckos
  7 orcs
  4 giant cockroaches
  18 goblins
  7 hobgoblins
  3 jackals (D:4)
  7 kobolds
  A quokka (D:2)
  9 ball pythons
  9 bats
  11 frilled lizards
  A leopard gecko skeleton (D:4)
  A leopard gecko zombie (D:5)
  6 rats
132 creatures vanquished.

Vanquished Creatures (others)
  A shadow imp (D:3)
  13 fungi (D:6)
  A plant (D:3)
15 creatures vanquished.

Grand Total: 147 creatures vanquished

Notes
Turn   | Place    | Note
-------+----------+-------------------------------------------
     0 | D:1      | Firecrotchwizard the Hill Orc Fighter began the quest for
                  | the Orb.
     0 | D:1      | Reached XP level 1. HP: 19/19 MP: 1/1
   182 | D:1      | Reached skill level 3 in Axes
   232 | D:1      | Reached XP level 2. HP: 26/27 MP: 2/2
   795 | D:1      | Reached skill level 4 in Fighting
   836 | D:1      | Reached XP level 3. HP: 33/33 MP: 3/3
  1092 | D:2      | Reached skill level 4 in Axes
  1271 | D:2      | Reached XP level 4. HP: 39/40 MP: 4/4
  1278 | D:2      | Reached skill level 4 in Shields
  1564 | D:3      | Found a transporter.
  1571 | D:3      | Noticed a kobold demonologist
  1590 | D:3      | Found a transporter.
  1627 | D:3      | Noticed Robin
  1641 | D:3      | Killed Robin
  1642 | D:3      | HP: 8/41 [hobgoblin[Robin] (5)]
  1893 | D:3      | Reached skill level 5 in Axes
  1896 | D:3      | Reached XP level 5. HP: 41/47 MP: 5/5
  1935 | D:3      | Found a glowing drain.
  2000 | Sewer    | Entered a sewer
  2159 | Sewer    | Noticed Purgy
  2181 | Sewer    | HP: 8/47 [Purgy (5)]
  2183 | Sewer    | HP: 3/47 [Purgy (2)]
  2187 | Sewer    | HP: 1/47 [Purgy (2)]
  2188 | Sewer    | Killed Purgy
  2188 | Sewer    | Reached skill level 5 in Fighting
  2188 | Sewer    | Reached skill level 6 in Axes
  2188 | Sewer    | Reached XP level 6. HP: 1/56 MP: 6/6
  2664 | D:3      | Found a faded altar of an unknown god.
  3055 | D:4      | HP: 7/56 [something/puff of flame (8)]
  3059 | D:4      | Reached skill level 5 in Shields
  3838 | D:5      | Entered Level 5 of the Dungeon
  3853 | D:5      | Reached skill level 7 in Axes
  3853 | D:5      | Reached XP level 7. HP: 54/61 MP: 7/7
  4131 | D:5      | Reached skill level 6 in Fighting
  4131 | D:5      | Reached skill level 8 in Axes
  4160 | D:5      | Noticed Edmund
  4185 | D:5      | Killed Edmund
  4185 | D:5      | Reached skill level 6 in Shields
  4185 | D:5      | Reached XP level 8. HP: 47/71 MP: 8/8
  4635 | D:5      | Reached skill level 9 in Axes
  4737 | D:3      | Became a worshipper of Beogh the Brigand
  4741 | D:3      | Noticed a smoke demon
  4742 | D:3      | Noticed a ynoxinul
  5346 | D:6      | Found Tutoym's General Store.
  5441 | D:6      | Bought a scroll of teleportation for 33 gold pieces
  5466 | D:6      | Found Laq Fowah's Weapon Shoppe.
  5483 | D:6      | Found Faif's Food Shoppe.
  5658 | D:6      | Reached skill level 7 in Fighting
  5700 | D:6      | Found Noewk's Magic Scroll Boutique.
  5710 | D:6      | Bought a scroll of teleportation for 30 gold pieces
  5710 | D:6      | Bought a scroll of enchant armour for 75 gold pieces
  5710 | D:6      | Bought a scroll of teleportation for 30 gold pieces
  5710 | D:6      | Bought a scroll of teleportation for 30 gold pieces
  5932 | D:6      | Reached skill level 10 in Axes
  6058 | D:6      | Found Ixko Nyff's Magic Scroll Shoppe.
  6128 | D:7      | HP: 12/73 [orc warrior/mace (8)]
  6129 | D:7      | Slain by an orc warrior

Skill      XL: |  1  2  3  4  5  6  7  8 |
---------------+-------------------------+-----
Axes           | 3 4 5 6 7 8 10 | 10.0
Fighting       | 4 5 6 7 |  7.2
Shields        | 4 5 6 |  6.7
Armour         | |  3.2

Action                   |  1- 3 |  4- 6 |  7- 9 || total
-------------------------+-------+-------+-------++-------
Melee: War axe           |    76 |   292 |   169 ||   537
Invok: Convert to Beogh  |       |       |     1 ||     1
  Use: Scroll            |       |       |    11 ||    11
  Eat: Chunk             |     1 |     6 |     4 ||    11
       Ration            |       |     1 |     1 ||     2
Armor: Scale mail        |    26 |   179 |    28 ||   233
       Chain mail        |       |       |    63 ||    63
Dodge: Dodged            |    31 |    92 |    30 ||   153
Block: Shield            |    46 |   180 |    90 ||   316

Vault maps used:
D:1:      sevenhm_arrival_forest_fort_large_2
D:2:      minmay_misc_feat_five
D:3:      gammafunk_wand_slinger, chequers_ecumenical_altar_simple,
          first_ration, cheibrodos_sewer_entry_drain, minmay_misc_feat_tower,
          uniq_crazy_yiuf_cottage, uniq_robin
D:5:      uniq_edmund
D:6:      serial_aquarium, aquarium_bridge_straight,
          aquarium_bridge_long_joined, aquarium_window_corridor_1,
          aquarium_window_fake, aquarium_window_fake, aquarium_window_fake,
          aquarium_view_2a, aquarium_balcony_5b, aquarium_pool_side,
          serial_shops, shop, nicolae_shop_statue_plus,
          nicolae_shop_temple_entry_statues_fountains, kennysheep_mini, shop
D:7:      minmay_temple_entry_butterflies
Sewer:    sewer_co_purgy_island

Table legend:
 A = Turns spent in this place as a percentage of turns spent in the entire game.
 B = Non-inter-level travel turns spent in this place as a percentage of non-inter-level travel turns spent in the entire game.
 C = Inter-level travel turns spent in this place as a percentage of turns spent in this place.
 D = Turns resting spent in this place as a percentage of non-inter-level travel turns spent in this place.
 E = Turns spent auto-exploring this place as a percentage of non-inter-level travel turns spent in this place.
 F = Non-inter-level travel turns spent in this place divided by the number of levels of this place that you've seen.
                   A       B       C       D       E      F
               +-------+-------+-------+-------+-------+----------------------
         Total | 100.0 | 100.0 |   3.3 |  36.5 |  43.3 | 741.1
       Dungeon |  90.3 |  90.0 |   3.6 |  32.8 |  47.3 | 762.0
         Sewer |   9.7 |  10.0 |   0.0 |  70.4 |   7.4 | 595.0
               +-------+-------+-------+-------+-------+----------------------

Table legend:
 A = Kills in this place as a percentage of kills in entire the game.
 B = Kills by you in this place as a percentage of kills by you in the entire game.
 C = Kills by friends in this place as a percentage of kills by friends in the entire game.
 D = Other kills in this place as a percentage of other kills in the entire game.
 E = Experience gained in this place as a percentage of experience gained in the entire game.
 F = Experience gained in this place divided by the number of levels of this place that you have seen.
                   A       B       C       D       E      F
               +-------+-------+-------+-------+-------+----------------------
         Total | 100.0 | 100.0 |   N/A |   N/A | 100.0 | 259.4
       Dungeon |  94.7 |  94.7 |   N/A |   N/A |  93.2 | 276.3
         Sewer |   5.3 |   5.3 |   N/A |   N/A |   6.8 | 141.0
               +-------+-------+-------+-------+-------+----------------------
